 Dungeon Crawl Stone Soup version 0.25.0-10-g039870e (webtiles) character file.

Game seed: 4332555985587993937

3725 HilariousDeathArtist the Slinger (level 10, 0/69 HPs)
             Began as a Halfling Wizard on June 22, 2020.
             Was a Believer of Cheibriados.
             Engulfed by a cloud of flame (10 damage)
             ... on level 7 of the Dungeon.
             The game lasted 00:30:21 (11403 turns).

HilariousDeathArtist the Slinger (Halfling Wizard) Turns: 11403, Time: 00:30:21

Health: 0/69       AC:  9    Str: 13    XL:     10   Next: 36%
Magic:  14/14      EV: 18    Int: 20    God:    Cheibriados [**....]
Gold:   404        SH:  0    Dex: 20    Spells: 11/13 levels left

rFire    . . .     SeeInvis .   a - +1 hunting sling
rCold    . . .     Gourm    .   (shield restricted)
rNeg     . . .     Faith    .   f - +0 robe
rPois    +         Spirit   .   q - +1 helmet
rElec    .         Reflect  .   (no cloak)
rCorr    +         Harm     .   v - +2 pair of gloves
MR       .....                  y - +0 pair of boots
Stlth    +++.......             (no amulet)
HPRegen  0.21/turn              P - ring of poison resistance {rPois, !d}
MPRegen  0.14/turn              x - ring of resist corrosion

@: about to teleport, vulnerable, very slow
A: small, mutation resistance 1, shaggy fur 1
a: Bend Time, Renounce Religion


You were on level 7 of the Dungeon.
You worshipped Cheibriados.
Cheibriados was pleased with you.
You were not hungry.

You visited 2 branches of the dungeon, and saw 8 of its levels.
You also visited: Sewer.

You collected 404 gold pieces.

Inventory:

Hand Weapons
 a - a +1 hunting sling (weapon)
   (You found it on level 1 of the Dungeon)
 b - a +3 scimitar
   (You took it off a wight on level 7 of the Dungeon)
Missiles
 g - 128 stones (quivered)
 j - 11 boomerangs
 u - 48 poisoned darts
 G - 5 atropa-tipped darts
Armour
 f - a +0 robe (worn)
 q - a +1 helmet (worn)
   (You took it off Robin on level 2 of the Dungeon)
 v - a +2 pair of gloves (worn)
   (You found it on level 2 of the Dungeon)
 y - a +0 pair of boots (worn)
   (You found it on level 6 of the Dungeon)
 F - a +0 chain mail
   (You found it on level 4 of the Dungeon)
 H - a +0 pair of gloves of strength
   (You found it on level 7 of the Dungeon)
Magical Staves
 k - an uncursed staff of summoning {!a}
   (You found it on level 4 of the Dungeon)
Jewellery
 x - a ring of resist corrosion (right hand)
   (You took it off an orc priest on level 3 of the Dungeon)
 P - a ring of poison resistance (left hand) {rPois, !d}
   (You found it on level 7 of the Dungeon)
Wands
 I - a wand of random effects (7)
   (You took it off Dowan on level 6 of the Dungeon)
Scrolls
 i - 4 scrolls of remove curse
 o - 3 scrolls of teleportation
 r - 6 scrolls of identify
 t - 3 scrolls of fear
 w - 2 scrolls of enchant weapon
Potions
 c - 2 potions of might
 h - 2 potions of berserk rage {!q}
 n - a potion of stabbing
 p - 2 potions of lignification {!q}
 s - 2 potions of resistance
 z - a potion of invisibility
 A - 4 potions of flight
 B - 3 potions of magic
 C - a potion of heal wounds
 D - a potion of haste
 E - 3 potions of curing
Comestibles
 d - 5 chunks of flesh {@w0}
 e - 10 rations


   Skills:
 + Level 6.5 Fighting
 - Level 12.0 Slings
 + Level 5.1 Dodging
 + Level 5.5 Stealth
 - Level 2.4 Spellcasting
   Level 1.0 Conjurations
   Level 0.7 Summonings
 - Level 1.1 Translocations
 * Level 6.5 Invocations


You had 11 spell levels left.
You knew the following spells:

 Your Spells              Type           Power        Failure   Level  Hunger
b - Blink                 Tloc           N/A          14%         2    ##.....

Your spell library contained the following spells:

 Spells                   Type           Power        Failure   Level  Hunger
 Magic Dart               Conj           #...         10%         1    #......
 Call Imp                 Summ           #.......     17%         2    ##.....
 Slow                     Hex            #.......     22%         2    ##.....
 Conjure Flame            Conj/Fire      #.......     36%         3    ###....
 Mephitic Cloud           Conj/Pois/Air  #.......     36%         3    ###....


Dungeon Overview and Level Annotations

Branches:
Dungeon (7/15)             Temple (1/1) D:5           Sewer (visited)

Altars:
Ashenzari
Cheibriados
Dithmenos
Elyvilon
Fedhas
Gozag
Hepliaklqana
Kikubaaqudgha
Makhleb
Nemelex Xobeh
Okawaru
Qazlal
Ru
Sif Muna
Trog
Uskayaw
Vehumet
Wu Jian
Xom
Yredelemnul
Zin
The Shining One

Shops:
D:6 :


Innate Abilities, Weirdness & Mutations

You are small and have problems with some larger weapons.
You are somewhat resistant to further mutation.
You are covered in fur. (AC +1)


Message History

Aim: a human, wielding a +0 hand axe and wearing a +0 animal skin (asleep)
You shoot a sling bullet.
The sling bullet hits the human but does no damage.
The human shouts!
You hear an angry squeal. x2
A hog comes into view.
The hog squeals angrily.
A hog comes into view.
There is an open door here.
The hog bites you but does no damage.
You see here a bullfrog skeleton.
The hog misses you. The hog bites you.
You take 2 damage, and have 67/69 hp.
The hog bites you.
You take 2 damage, and have 65/69 hp.
The hog bites you but does no damage.
Okay, then.
Firing (i - inventory. (/) - cycle)
m - 10 sling bullets (quivered)
Aim: a human, wielding a +0 hand axe and wearing a +0 animal skin You shoot a sling bullet.
The sling bullet barely misses the hog.
The hog bites you!
You take 8 damage, and have 58/69 hp.
Firing (i - inventory. (/) - cycle)
m - 9 sling bullets (quivered)
Aim: a hog You shoot a sling bullet.
The sling bullet hits the hog.
The hog bites you!
You take 8 damage, and have 50/69 hp.
Firing (i - inventory. (/) - cycle)
m - 8 sling bullets (quivered)
Aim: a hog (lightly wounded)
You shoot a sling bullet. The sling bullet barely misses the hog.
Firing (i - inventory. (/) - cycle)
m - 7 sling bullets (quivered)
Aim: a hog (lightly wounded)
You shoot a sling bullet. The sling bullet barely misses the hog.
The hog bites you but does no damage.
Firing (i - inventory. (/) - cycle)
m - 6 sling bullets (quivered)
Aim: a hog (lightly wounded)
You shoot a sling bullet.
The sling bullet hits the hog but does no damage.
The hog misses you.
Firing (i - inventory. (/) - cycle)
m - 5 sling bullets (quivered)
Aim: a hog (lightly wounded)
You shoot a sling bullet. The sling bullet hits the hog!
The hog completely misses you.
Firing (i - inventory. (/) - cycle)
m - 4 sling bullets (quivered)
Aim: a hog (moderately wounded)
You shoot a sling bullet.
The sling bullet closely misses the hog.
Firing (i - inventory. (/) - cycle)
m - 3 sling bullets (quivered)
Aim: a hog (moderately wounded)
You shoot a sling bullet. The sling bullet hits the hog.
The hog bites you.
You take 5 damage, and have 46/69 hp.
Firing (i - inventory. (/) - cycle)
m - 2 sling bullets (quivered)
Aim: a hog (moderately wounded)
You shoot a sling bullet. The sling bullet hits the hog!
The hog bites you.
You take 2 damage, and have 44/69 hp.
Firing (i - inventory. (/) - cycle)
m - a sling bullet (quivered)
Aim: a hog (heavily wounded)
You shoot a sling bullet. The sling bullet hits the hog!
The hog misses you.
Firing (i - inventory)
g - 130 stones (quivered)
Aim: a hog (almost dead)
You shoot a stone. The stone hits the hog.
The hog bites you!
You take 9 damage, and have 35/69 hp.
You are too injured to fight recklessly!
You are too injured to fight recklessly!
You are too injured to fight recklessly!
You are too injured to fight recklessly!
You are too injured to fight recklessly!
You are too injured to fight recklessly!
You are too injured to fight recklessly!
You are too injured to fight recklessly!
You are too injured to fight recklessly!
You are too injured to fight recklessly!
You are too injured to fight recklessly!
You are too injured to fight recklessly!
You are too injured to fight recklessly!
You are too injured to fight recklessly!
Unknown command.
As you read the scroll labeled DEAFOMUAKH, it crumbles to dust.
The creatures around you are filled with an inner flame!
It was a scroll of immolation.
The hog closely misses you.
As you read the scroll labeled DUNYVI DOLEX, it crumbles to dust.
You feel aware of your surroundings.
It was a scroll of magic mapping.
The hog bites you but does no damage.
As you read the scroll labeled LYDAXO DEFF, it crumbles to dust.
Magic quickly surges around you.
It was a scroll of vulnerability.
The hog bites you but does no damage.
As you read the scroll of teleportation, it crumbles to dust.
You feel strangely unstable. The hog bites you but does no damage.
The hog bites you.
Some of the chunks of flesh in your inventory have rotted away.
You take 5 damage, and have 31/69 hp.
Firing (i - inventory)
g - 129 stones (quivered)
Aim: a hog (almost dead, inner flame, susceptible to hostile enchantments)
You shoot a stone. The stone hits the hog.
The hog explodes!
The fiery explosion engulfs you!!
* * * LOW HITPOINT WARNING * * *
The fiery explosion engulfs the hog!!
Flame seeps out of the hog.
Cheibriados thoroughly appreciates the change of pace.
You are engulfed in blazing flames.
You die...

#..,,,* #.#**,*
#######.###.#
#...÷.......#
#.#####.##### #.#
#.############
#.#####.##.........#
#.....#..'.........#
#####@####.........#
#(# #######....#
####h# #%%#..#....#
#..hp# #%(#..#....###
#....###..hh.#####...
#...÷#.#ph#h.#...>...
#....'.#..#,,####....
#....#.#'##*** #....
#....#h...#*,* #....


You could see 2 hogs and a human (inner flame, vulnerable).

Vanquished Creatures
  2 hippogriffs
  A hog (D:7)
  4 humans (D:6)
  Menkaure (D:6)
  Duvessa (D:6)
  An ice beast (D:4)
  A phantom (D:5)
  2 ogres (D:6)
  3 centaurs
  A bullfrog (D:7)
  A gnoll sergeant (D:7)
  Dowan (D:6)
  2 scorpions
  8 wights
  A howler monkey (D:6)
  2 bullfrog zombies
  3 crimson imps
  2 hounds
  4 orc priests
  2 jellies
  3 orc wizards
  3 bullfrog skeletons
  3 iguanas
  6 worker ants
  A hound zombie (D:5)
  Robin (D:2)
  21 adders
  7 gnolls
  2 shadow imps
  An ooze (D:5)
  An adder zombie (D:5)
  2 adder skeletons
  A worm (D:3)
  3 dart slugs
  A leopard gecko (D:7)
  12 orcs
  7 bats
  2 giant cockroaches
  12 goblins
  4 hobgoblins
  15 jackals
  4 quokkas
  12 ball pythons
  9 frilled lizards
  14 kobolds
  A leopard gecko zombie (D:7)
  2 quokka zombies
  7 rats
  7 plants (Sewer)
207 creatures vanquished.

Vanquished Creatures (others)
  2 plants (Sewer)
2 creatures vanquished.

Grand Total: 209 creatures vanquished

Notes
Turn   | Place    | Note
-------+----------+-------------------------------------------
     0 | D:1      | HilariousDeathArtist the Halfling Wizard began the quest
                  | for the Orb.
     0 | D:1      | Reached XP level 1. HP: 11/11 MP: 3/3
   115 | D:1      | Reached skill level 1 in Conjurations
   250 | D:1      | Reached skill level 1 in Slings
   493 | D:1      | Reached skill level 2 in Slings
   493 | D:1      | Reached XP level 2. HP: 17/17 MP: 0/5
  1055 | D:2      | Reached skill level 3 in Slings
  1059 | D:2      | Noticed Robin
  1071 | D:2      | HP: 4/17 [adder (2)]
  1076 | D:2      | HP: 3/25 [adder (2)]
  1077 | D:2      | Reached XP level 3. HP: 4/21 MP: 6/6
  1087 | D:2      | HP: 2/21 [goblin[Robin] (1)]
  1101 | D:2      | HP: 1/31 [goblin[Robin] (2)]
  1102 | D:2      | Reached skill level 4 in Slings
  1117 | D:2      | HP: 1/21 [hobgoblin[Robin] (1)]
  1232 | D:1      | HP: 2/21 [hobgoblin[Robin] (4)]
  1275 | D:1      | HP: 1/21 [hobgoblin[Robin] (4)]
  1624 | D:2      | HP: 2/21 [gnoll/+0 flail (12)]
  1692 | D:4      | You fall into a shaft and drop 1 floor!
  1692 | D:5      | Entered Level 5 of the Dungeon
  1693 | D:5      | Noticed an ice beast
  1751 | D:5      | Reached XP level 4. HP: 14/27 MP: 7/7
  1840 | D:5      | Found a staircase to the Ecumenical Temple.
  1946 | D:4      | Noticed a hippogriff
  1953 | D:4      | Found a white marble altar of Elyvilon.
  1963 | D:4      | Reached skill level 5 in Slings
  2042 | D:4      | HP: 5/27 [bullfrog skeleton (5)]
  2043 | D:4      | Reached skill level 6 in Slings
  2043 | D:4      | Reached XP level 5. HP: 6/31 MP: 8/8
  2110 | D:4      | HP: 7/31 [jackal (1)]
  2215 | D:4      | Found a glowing drain.
  2227 | Sewer    | Entered a sewer
  2727 | Sewer    | Reached skill level 7 in Slings
  3269 | Sewer    | Reached XP level 6. HP: 36/36 MP: 9/9
  3917 | D:4      | Reached skill level 8 in Slings
  4054 | D:2      | Killed Robin
  4645 | D:3      | Reached skill level 9 in Slings
  4779 | D:3      | Reached XP level 7. HP: 40/41 MP: 10/10
  4785 | D:3      | Learned a level 2 spell: Blink
  5674 | D:3      | Reached skill level 10 in Slings
  6374 | D:4      | HP: 9/41 [hippogriff (7)]
  6374 | D:4      | HP: 4/41 [hippogriff (5)]
  7333 | D:5      | Reached skill level 11 in Slings
  7484 | D:5      | Reached XP level 8. HP: 36/46 MP: 11/11
  7792 | D:4      | Killed a hippogriff
  7792 | D:4      | Reached skill level 12 in Slings
  7792 | D:4      | Reached skill level 1 in Fighting
  7844 | D:5      | Reached skill level 2 in Fighting
  7935 | D:4      | Reached skill level 3 in Fighting
  8236 | D:5      | Found an ornate altar of the Wu Jian Council.
  8466 | D:5      | Reached skill level 4 in Fighting
  8710 | D:5      | Reached skill level 5 in Fighting
  8710 | D:5      | Reached XP level 9. HP: 60/61 MP: 12/12
  8836 | Temple   | Entered the Ecumenical Temple
  8941 | Temple   | Became a worshipper of Cheibriados the Contemplative
  9217 | D:6      | Noticed Dowan
  9231 | D:7      | Reached skill level 1 in Invocations
  9375 | D:6      | Noticed Duvessa
  9402 | D:6      | Killed Duvessa
  9402 | D:6      | Reached skill level 3 in Stealth
  9402 | D:6      | Reached skill level 2 in Invocations
  9410 | D:6      | Killed Dowan
  9410 | D:6      | Reached skill level 3 in Dodging
  9557 | D:6      | Noticed a hippogriff
  9572 | D:6      | Killed a hippogriff
  9572 | D:6      | Reached skill level 3 in Invocations
 10062 | D:6      | Reached * piety under Cheibriados
 10100 | D:6      | Found Ikatroh's Book Shoppe.
 10115 | D:6      | Gained mutation: You are covered in fur. (AC +1) [potion of
                  | mutation]
 10136 | D:6      | Reached skill level 4 in Invocations
 10152 | D:6      | Reached skill level 4 in Stealth
 10164 | D:6      | Reached skill level 4 in Dodging
 10196 | D:6      | HP: 12/62 [human/+0 club (5)]
 10200 | D:6      | Reached skill level 6 in Fighting
 10465 | D:6      | Reached skill level 5 in Invocations
 10516 | D:6      | Reached XP level 10. HP: 62/68 MP: 13/13
 10745 | D:6      | Noticed Menkaure
 10752 | D:6      | Killed Menkaure
 10823 | D:6      | Reached skill level 5 in Stealth
 11038 | D:7      | Reached skill level 6 in Invocations
 11173 | D:7      | Reached skill level 5 in Dodging
 11310 | D:7      | Reached ** piety under Cheibriados
 11403 | D:7      | HP: 10/69 [hog/exploding inner flame[the player character]
                  | (21)]
 11403 | D:7      | Engulfed by a cloud of flame

Illustrated notes

Levels and vault maps discovered:
D:1:      nicolae_arrival_memento_mori, layout_basic
D:2:      layout_basic, uniq_robin
D:3:      layout_loops_ring, minmay_misc_feat_plants, minmay_snake_closets
D:4:      layout_basic, portal_sewer_entry_a, elyvilon_altar_5
D:5:      layout_rooms, kennysheep_mini, minmay_temple_entry_fiery,
          first_ration, nicolae_sextant
D:6:      layout_basic, serial_shops,
          nicolae_shop_temple_entry_statues_fountains, nrook_campfire,
          minmay_ruffians, uniq_menkaure, uniq_duvessa
D:7:      layout_basic, grunt_ministairs_1, grunt_livestock, uniq_prince_ribbit1
Temple:   regret_index_temple_sigil_plot

Skill      XL: |  1  2  3  4  5  6  7  8  9 10 |
---------------+-------------------------------+-----
Conjurations   | 1 |  1.0
Slings         | 2 3 4 6 7 9 11 12 | 12.0
Fighting       | 5 6 |  6.5
Invocations    | 5 6 |  6.5
Stealth        | 4 5 |  5.5
Dodging        | 4 5 |  5.1
Spellcasting   | |  2.4
Summonings     | |  0.7
Translocations | |  1.1

Action                   |  1- 3 |  4- 6 |  7- 9 | 10-12 || total
-------------------------+-------+-------+-------+-------++-------
Melee: Hunting sling     |     5 |       |       |       ||     5
       Short sword       |    15 |   453 |       |       ||   468
 Fire: Hunting sling     |    79 |   408 |   735 |   165 ||  1387
Throw: Dart              |       |     2 |     7 |       ||     9
       Stone             |       |     1 |       |       ||     1
 Cast: Magic Dart        |    18 |       |       |       ||    18
  Use: Potion            |     3 |     5 |     3 |       ||    11
       Scroll            |     4 |     3 |     7 |     5 ||    19
  Eat: Chunk             |     3 |     7 |    16 |     1 ||    27
       Ration            |       |     1 |       |       ||     1
Armor: Robe              |    10 |    24 |    25 |     9 ||    68
       Skin              |    23 |       |       |       ||    23
       Chain mail        |       |       |    68 |     1 ||    69
Dodge: Dodged            |    92 |   133 |   131 |    26 ||   382

Levels and vault maps discovered:
D:1:      nicolae_arrival_memento_mori, layout_basic
D:2:      layout_basic, uniq_robin
D:3:      layout_loops_ring, minmay_misc_feat_plants, minmay_snake_closets
D:4:      layout_basic, portal_sewer_entry_a, elyvilon_altar_5
D:5:      layout_rooms, kennysheep_mini, minmay_temple_entry_fiery,
          first_ration, nicolae_sextant
D:6:      layout_basic, serial_shops,
          nicolae_shop_temple_entry_statues_fountains, nrook_campfire,
          minmay_ruffians, uniq_menkaure, uniq_duvessa
D:7:      layout_basic, grunt_ministairs_1, grunt_livestock, uniq_prince_ribbit1
Temple:   regret_index_temple_sigil_plot

Table legend:
 A = Turns spent in this place as a percentage of turns spent in the entire game.
 B = Non-inter-level travel turns spent in this place as a percentage of non-inter-level travel turns spent in the entire game.
 C = Inter-level travel turns spent in this place as a percentage of turns spent in this place.
 D = Turns resting spent in this place as a percentage of non-inter-level travel turns spent in this place.
 E = Turns spent auto-exploring this place as a percentage of non-inter-level travel turns spent in this place.
 F = Non-inter-level travel turns spent in this place divided by the number of levels of this place that you've seen.
                   A       B       C       D       E      F
               +-------+-------+-------+-------+-------+----------------------
         Total | 100.0 | 100.0 |   3.8 |  23.6 |  42.8 | 1218.2
       Dungeon |  84.7 |  84.3 |   4.3 |  24.9 |  46.0 | 1319.9
        Temple |   1.0 |   0.9 |  17.8 |   0.0 |   3.1 |  97.0
         Sewer |  14.3 |  14.8 |   0.0 |  17.6 |  26.8 | 1628.0
               +-------+-------+-------+-------+-------+----------------------

Table legend:
 A = Kills in this place as a percentage of kills in entire the game.
 B = Kills by you in this place as a percentage of kills by you in the entire game.
 C = Kills by friends in this place as a percentage of kills by friends in the entire game.
 D = Other kills in this place as a percentage of other kills in the entire game.
 E = Experience gained in this place as a percentage of experience gained in the entire game.
 F = Experience gained in this place divided by the number of levels of this place that you have seen.
                   A       B       C       D       E      F
               +-------+-------+-------+-------+-------+----------------------
         Total | 100.0 | 100.0 |   N/A |   N/A | 100.0 | 591.3
       Dungeon |  90.5 |  90.5 |   N/A |   N/A |  98.7 | 750.7
         Sewer |   9.5 |   9.5 |   N/A |   N/A |   1.3 |  67.0
               +-------+-------+-------+-------+-------+----------------------
